[Event "Early-Titled-Tuesday-Blitz-December-26-2023"]
[Site "Chess.com"]
[Date "2023.12.26"]
[Round "6"]
[White "Vincent_Vega95"]
[Black "slidingknight2775"]
[Result "0-1"]
[WhiteElo "2845"]
[BlackElo "2696"]
[TimeControl "180+1"]
[EndTime "9:07:24 PST"]
[Termination "slidingknight2775 won on time"]

1. Nf3 d5 2. g3 Nf6 3. Bg2 e6 4. O-O Be7 5. d4 O-O 6. c4 dxc4 7. Qa4 a6 8. Qxc4 b5 9. Qc2 Bb7 10.
Bd2 Be4 11. Qc1 b4 12. Be3 Nd5 13. Nbd2 Nxe3 14. fxe3 Bd5 15. Qc2 Nd7 16. e4 Bb7 17. Rad1 c5 18. e3 Rc8 19. Qb1 Qc7 20. b3 a5 21. Nc4 Ba6 22. d5 Bxc4 23. bxc4 Ne5 24.
Nd2 Bg5 25. Rde1 Ng4 26. Qd3 Ne5 27. Qe2 a4 28. Bh3 Qe7 29. Nf3 Bf6 30. Rb1 Rb8 31.
Nd4 cxd4 32. exd4 Qa7 33. c5 Ng6 34. Qc4 exd5 35. exd5 b3 36. axb3 axb3 37. Rfd1 b2 38. d6 Rfd8 39. d7 Rxd7 40. Bxd7 Qxd7 41. c6 Qc7 42. d5 Qb6+ 43. Kg2 Ne5 44. Qe4 h6 45. Rd2 Ng6 46. d6 Rd8 47. c7 Rf8 48. Qc4 Qb7+ 49.
Qd5 Qxd5+ 50. Rxd5 Be5 51. Rxe5 Nxe5 52. Rxb2 Nc4 0-1

[Event "Early-Titled-Tuesday-Blitz-December-26-2023"]
[Site "Chess.com"]
[Date "2023.12.26"]
[Round "6"]
[White "DeyanKostov"]
[Black "Andrei_Skvortsov"]
[Result "1/2-1/2"]
[WhiteElo "2490"]
[BlackElo "2668"]
[TimeControl "180+1"]
[EndTime "9:07:24 PST"]
[Termination "Game drawn by repetition"]

1. d4 d5 2. Bf4 Nf6 3. e3 Nbd7 4. Nf3 g6 5. h3 Bg7 6. Nbd2 O-O 7. Bd3 Re8 8. O-O c5 9. c3 b6 10. Ne5 Nxe5 11.
Bxe5 Nh5 12. Bxg7 Nxg7 13. a4 Bf5 14. Bxf5 Nxf5 15. a5 e5 16. dxe5 Rxe5 17. Nf3 Re8 18. Qd3 bxa5 19. Rfd1 Ne7 20. Qa6 Qb6 21. Rxa5 Qxb2 22.
Rxc5 Qb6 23. Qxb6 axb6 24. Rb5 Ra6 25. Ne5 Rc8 26. Nd7 Rxc3 27. Nxb6 Rc2 28. Nxd5 Nxd5 29. Rbxd5 Raa2 30. Rf1 h5 31. h4 Rc4 32. g3 Rcc2 33.
Rd4 Kg7 34. Rf4 Rc7 35. Rd1 Rb7 36. Kg2 Re7 37. Rd5 Rb2 38. Ra5 Rc2 39. e4 Re2 40.
Ra4 Rb2 41. Ra5 Rb4 42. e5 Rb2 43. Ra6 Re2 44. e6 f5 45. Rb4 Kf6 46. Rb8 R2xe6 47.
Rxe6+ Rxe6 48. Rf8+ Kg7 49. Ra8 Re4 50. f4 Re3 51.
Ra7+ Kh6 52. Kf2 Rb3 53. Kg2 Rb2+ 54. Kf3 Rb4 55. Kf2 Re4 56. Kf3 Re8 57. Kf2 Rg8 58.
Kf3 Rg7 59. Rxg7 Kxg7 60. Ke3 Kf6 61. Kd4 Ke6 62. Kc5 Ke7 63. Kc6 Ke6 64. Kc5 Ke7 65. Kd5 Kd7 66. Ke5 Ke7 67. Kd5 Kd7 68. Ke5 Ke7 69.
Kd5 1/2-1/2

[Event "Early-Titled-Tuesday-Blitz-December-26-2023"]
[Site "Chess.com"]
[Date "2023.12.26"]
[Round "6"]
[White "Kirill_Klukin"]
[Black "ahkashefi2800"]
[Result "0-1"]
[WhiteElo "2819"]
[BlackElo "2586"]
[TimeControl "180+1"]
[EndTime "9:07:29 PST"]
[Termination "ahkashefi2800 won by checkmate"]

1. d4 d5 2. c4 c6 3. Nc3 Nf6 4. Nf3 Bf5 5. Qb3 Qb6 6. c5 Qc7 7. Bf4 Qc8 8. h3 e6 9. e3 Be7 10. Qa4 O-O 11. b4 Ne4 12. Nxe4 Bxe4 13. b5 Bxf3 14. gxf3 Bf6 15. Bd6 Re8 16. f4 a6 17.
Rb1 Be7 18. Bxb8 Rxb8 19. bxa6 bxa6 20. Rxb8 Qxb8 21. Bd3 Qb2 22. O-O Bh4 23. Qxc6 Rb8 24. Qxa6 g6 25. Qa4 Qb7 26. Rb1 Qc7 27. Rxb8+ Qxb8 28. Qb3 Qa7 29. c6 Qa5 30. Qc2 Qc7 31. a4 Bd8 32.
Qb3 Qa5 33. Bb5 Qc7 34. Qc2 Qa5 35. Kg2 h5 36. Qc5 Qc7 37. Be2 Be7 38. Qb5 Bd8 39. f5 gxf5 40. Bxh5 Kg7 41. Bf3 Qd6 42. Qb7 Bc7 43.
Kf1 Qh2 44. Bg2 Qd6 45. Qb5 Bd8 46. Bf3 Qa3 47. Kg2 Bc7 48. Be2 Qd6 49. Qc5 Qh2+ 50.
Kf1 Qh1# 0-1

[Event "Early-Titled-Tuesday-Blitz-December-26-2023"]
[Site "Chess.com"]
[Date "2023.12.26"]
[Round "6"]
[White "deribas12345"]
[Black "TanitoluwaAps116"]
[Result "1-0"]
[WhiteElo "2543"]
[BlackElo "2714"]
[TimeControl "180+1"]
[EndTime "9:07:30 PST"]
[Termination "deribas12345 won by resignation"]

1. d4 Nf6 2. c4 e6 3. Nc3 Bb4 4. a3 Bxc3+ 5. bxc3 Nc6 6. f3 d6 7. e4 b6 8. Bd3 Na5 9. Ne2 Ba6 10. Bg5 Qd7 11. Bxf6 gxf6 12. Ng3 Bxc4 13. Bxc4 Nxc4 14. Nh5 Ke7 15. Qe2 Qb5 16. g4 Rhg8 17. Kf2 a6 18.
Rhb1 Qc6 19. a4 Rg5 20. Rb4 Na5 21. Qd2 Rag8 22. h4 R5g6 23. Nf4 R6g7 24. Nh5 Rg6 25.
Nf4 Rh6 26. h5 f5 27. exf5 Rf6 28. Re1 Kd7 29. fxe6+ fxe6 30. d5 Qc5+ 31. Kg3 exd5 32. Nxd5 Rf7 33. Rf4 Rgf8 34. Rxf7+ Rxf7 35. Qh6 Kc6 36. Nf6 Qxc3 37. Rc1 Qxc1 38. Qxc1+ Kb7 39. Nd5 c5 40.
Qc2 Kc6 41. Ne3 b5 42. Nf5 b4 43. Qd3 b3 44. Qxd6+ Kb7 45. Qxc5 Nc6 46. Nd6+ Kc7 47. Nxf7 b2 48. Ne5 b1=Q 49. Qxc6+ Kb8 50. Nd7+ Ka7 51.
Qb6+ Qxb6 52. Nxb6 Kxb6 53. g5 Ka5 54. g6 hxg6 55.
hxg6 Kxa4 56. g7 Kb5 57. g8=Q a5 58. Qa2 a4 59. f4 Kc5 60. f5 Kd4 61. Qxa4+ Ke5 62.
Qf4+ Kf6 63. Kg4 Kg7 64. Qd6 Kh8 65. Qe7 Kg8 66. Kg5 Kh8 67. Kg6 1-0

[Event "Early-Titled-Tuesday-Blitz-December-26-2023"]
[Site "Chess.com"]
[Date "2023.12.26"]
[Round "6"]
[White "egnfanclub"]
[Black "ChessBliss09"]
[Result "1-0"]
[WhiteElo "2351"]
[BlackElo "2088"]
[TimeControl "180+1"]
[EndTime "9:07:30 PST"]
[Termination "egnfanclub won by checkmate"]

1. e4 e6 2. d4 d5 3. Nc3 dxe4 4. Nxe4 Nd7 5. Bd3 Ngf6 6. Nf3 Nxe4 7. Bxe4 Nf6 8. Bd3 c5 9. c3 cxd4 10. Nxd4 Bc5 11. O-O O-O 12. Bg5 Qc7 13. Bxf6 gxf6 14. Qh5 f5 15. Nf3 Be7 16. Ng5 Bxg5 17. Qxg5+ Kh8 18.
Qf6+ Kg8 19. Rad1 Qd8 20. Qxd8 Rxd8 21. Bb5 Rf8 22. Rd6 a6 23. Be2 b5 24. Bf3 Ra7 25.
Rfd1 Rc7 26. g3 Kg7 27. Kg2 Kf6 28. h4 Ke7 29. Rb6 Rd8 30. Rxd8 Kxd8 31. Bc6 Ke7 32. f3 Kf6 33. a4 bxa4 34. Bxa4 Rb7 35. Rxb7 Bxb7 36. Kf2 Ke5 37. Ke3 f6 38. Bb3 a5 39.
f4+ Kd6 40. Bc2 Bd5 41. b3 Bc6 42. Bd1 a4 43. bxa4 Kc5 44. g4 fxg4 45. Bxg4 Bxa4 46. Bxe6 Be8 47. Ke4 h6 48. Kf5 Kd6 49. Kxf6 h5 50. f5 Bc6 51. Bf7 Bf3 52. Kg5 Ke5 53.
c4 Be2 54. c5 Bb5 55. Bxh5 Bd7 56. Bg6 Kd5 57. f6 Ke6 58. f7 Ke7 59. h5 Kf8 60. Kf6 Bc6 61. h6 Be4 62. h7 Bxg6 63. h8=Q# 1-0

[Event "Early-Titled-Tuesday-Blitz-December-26-2023"]
[Site "Chess.com"]
[Date "2023.12.26"]
[Round "6"]
[White "elchacal664"]
[Black "IAgrest"]
[Result "1-0"]
[WhiteElo "2303"]
[BlackElo "2383"]
[TimeControl "180+1"]
[EndTime "9:07:32 PST"]
[Termination "elchacal664 won on time"]

1. e4 e5 2. d4 exd4 3. Nf3 Nc6 4. Nxd4 Nf6 5. Bb5 Bc5 6. Nb3 Bb6 7. Nc3 O-O 8. O-O h6 9. Qf3 Ne5 10. Qg3 Ng6 11.
e5 Nh7 12. Bc4 Kh8 13. Bxf7 Nxe5 14. Qxe5 Rxf7 15. Nd5 d6 16. Qg3 Bf5 17. Nxb6 axb6 18. Nd4 Bd7 19. Bd2 Qf6 20. Bc3 Qg5 21. Nf3 Qxg3 22.
hxg3 Nf6 23. Bxf6 Rxf6 24. a3 Bf5 25. Nd4 Bg6 26. c3 Raf8 27. f3 c5 28. Nb3 Re6 29. Rfe1 Rfe8 30. Kf2 Bf7 31. Nd2 d5 32. f4 Kg8 33. Nf3 Re4 34. Ne5 Rxe1 35. Rxe1 Be6 36. Ke3 h5 37. b4 Bf5 38. Rh1 g6 39. Rd1 Be4 40. Ra1 Bxg2 41. bxc5 bxc5 42. Rb1 Be4 43. Rb6 Kg7 44. Rxb7+ Kh6 45. Rb6 Bf5 46. Rb7 h4 47.
Kf2 hxg3+ 48. Kxg3 Ra8 49. Nf7+ Kh5 50. Ng5 Rh8 51.
Rc7 c4 52. Rh7+ Rxh7 53. Nxh7 Kh6 54. Nf6 Be6 55. a4 Kg7 56. Ng4 Kf7 57. Ne5+ Kf6 58. a5 Bc8 59. Nc6 Bb7 60. Nd4 g5 61. f5 Ke5 62.
Kg4 Kf6 63. Kh5 Ba8 64. a6 Ke5 65. Kxg5 1-0

[Event "Early-Titled-Tuesday-Blitz-December-26-2023"]
[Site "Chess.com"]
[Date "2023.12.26"]
[Round "6"]
[White "marvinguevara"]
[Black "wild3000"]
[Result "0-1"]
[WhiteElo "2198"]
[BlackElo "2410"]
[TimeControl "180+1"]
[EndTime "9:07:32 PST"]
[Termination "wild3000 won by checkmate"]

1. e4 e6 2. d4 a6 3. Nf3 b5 4. Bd3 Bb7 5. O-O d6 6. Re1 c5 7. c3 Nf6 8. Bg5 Be7 9. dxc5 dxc5 10. Bxf6 Bxf6 11. e5 Be7 12. Qe2 Nd7 13. Nbd2 Qc7 14. Rad1 O-O 15. Bb1 Rfd8 16. Nf1 Bxf3 17. Qxf3 Nxe5 18.
Rxd8+ Rxd8 19. Qe4 Ng6 20. Ng3 c4 21. Nh5 Rd5 22.
Ng3 Qd8 23. Qf3 Rd2 24. b3 cxb3 25. axb3 Bc5 26. Ne4 Rd5 27. c4 Rf5 28. Qg3 Be7 29. h3 bxc4 30. bxc4 a5 31. Nc3 Bh4 32. Rd1 Qxd1+ 33.
Nxd1 Bxg3 34. Bxf5 Bxf2+ 35. Kxf2 exf5 36. Ke3 Kf8 37. Kd4 Ke7 38. Kc5 Nf4 39. Ne3 g6 40. Kb5 Kd6 41.
Kxa5 Kc5 42. Ka4 Nd3 43. Kb3 Ne5 44. Kc3 f4 45. Ng4 Nxc4 46. Nf6 h5 47. Ne4+ Kd5 48. Nf6+ Ke5 49. Ng8 Ne3 50. Nh6 Nxg2 51. Nxf7+ Kf6 52. Ng5 Kxg5 53. Kd4 f3 54. Ke4 f2 55. h4+ Kxh4 56. Kf3 f1=Q+ 57. Ke4 Qf5+ 58. Kd4 Kg5 59. Kc3 Qe4 60. Kb2 Qd3 61. Ka1 Qd2 62. Kb1 Nf4 63. Ka1 Nd3 64. Kb1 Qb2# 0-1

[Event "Early-Titled-Tuesday-Blitz-December-26-2023"]
[Site "Chess.com"]
[Date "2023.12.26"]
[Round "6"]
[White "mightysmasher"]
[Black "snowlord"]
[Result "0-1"]
[WhiteElo "2604"]
[BlackElo "2912"]
[TimeControl "180+1"]
[EndTime "9:07:42 PST"]
[Termination "snowlord won by checkmate"]

1. e4 Nf6 2. e5 Nd5 3. c4 Nb6 4. d4 d6 5. exd6 exd6 6. Nf3 Be7 7. Bd3 O-O 8. O-O Nc6 9. Nc3 Bg4 10. h3 Bh5 11. Re1 Bf6 12. Be3 Re8 13. Rc1 Rb8 14.
b3 Bxd4 15. Bxd4 Bxf3 16. Qxf3 Nxd4 17. Bxh7+ Kxh7 18. Qd3+ Kg8 19. Qxd4 Qg5 20. Ne4 Qe5 21. Qxe5 Rxe5 22. f4 Re6 23. Ng5 Ree8 24. Kf2 Nd7 25. Ne4 f5 26. Ng3 Nc5 27. Rcd1 g6 28. h4 Kf7 29. h5 Rxe1 30. Kxe1 Rh8 31. hxg6+ Kxg6 32. Kf2 a5 33. Rd5 Rf8 34. Rd1 Re8 35. Re1 Nd3+ 36. Kf3 Nxe1+ 37. Kf2 Nd3+ 38. Kf3 Re1 39. Ne2 Rxe2 40.
Kxe2 Nc1+ 41. Kd2 Nxa2 42. g3 Nb4 43. Ke2 b6 44. Kf3 Kf6 45. g4 c6 46. g5+ Kg6 47. Ke3 c5 48. Kd2 d5 49. Kc3 d4+ 50. Kd2 Kh5 51.
Kd1 Nc6 52. Kd2 Ne7 53. Kd3 Ng6 54. Kd2 Nxf4 55. Kd1 Ng6 56. Kd2 Kxg5 57. Kd1 f4 58. Ke2 Kf5 59. Kf3 Ne5+ 60. Ke2 Nxc4 61. bxc4 a4 62. Kd3 a3 63. Kc2 f3 64. Kb3 f2 65.
Ka4 f1=Q 66. Kb5 a2 67. Kxb6 Qxc4 68. Kb7 a1=N 69. Kc7 d3 70. Kd6 d2 71. Kc7 Qd5 72. Kb6 c4 73. Kc7 c3 74. Kb6 c2 75. Ka7 c1=Q 76.
Kb6 Qcc6+ 77. Ka7 Qb7# 0-1

[Event "Early-Titled-Tuesday-Blitz-December-26-2023"]
[Site "Chess.com"]
[Date "2023.12.26"]
[Round "6"]
[White "Shuvalov"]
[Black "drillovsky"]
[Result "0-1"]
[WhiteElo "2525"]
[BlackElo "2385"]
[TimeControl "180+1"]
[EndTime "9:07:46 PST"]
[Termination "drillovsky won by resignation"]

1. d4 Nf6 2. c4 e6 3. Nc3 Bb4 4. e3 c5 5. Ne2 cxd4 6. exd4 d5 7. a3 Be7 8. Nf4 O-O 9. cxd5 Nxd5 10. Bd3 Nc6 11. O-O Bf6 12. Nfxd5 exd5 13. Qh5 g6 14. Qxd5 Nxd4 15. Bh6 Re8 16. Rad1 Be6 17. Qxb7 a5 18. Ne4 Bh8 19. Bg5 f6 20. Bf4 Bd5 21. Bc4 Bxc4 22. Nd6 Re7 23. Rxd4 Rxb7 24. Rxc4 Rc7 25.
Re4 Re7 26. Rc4 Rd7 27. Rd1 f5 28. b4 axb4 29. axb4 Rc8 30. Rc5 Rxc5 31. bxc5 Qa8 32. h4 Bc3 33. Rb1 Qc6 34. Rb8+ Kg7 35. Rc8 Qd5 36.
Ne8+ Kf7 37. Nd6+ Rxd6 38. cxd6 Bf6 39. Rc7+ Ke6 40. Rxh7 Qd1+ 41. Kh2 Qg4 42. g3 g5 43. hxg5 Bxg5 44. Bxg5 Qxg5 45. d7 Kd6 46. Kg2 Kc7 47. Rh4 Kxd7 48. Rf4 Ke6 49. Rh4 Kf6 50. Rf4 Kg6 51. Rh4 Qe7 52. Kg1 Qb7 53. Rf4 Qb1+ 54. Kg2 Kg5 55. Rh4 Qc1 56. Rf4 Qxf4 57. gxf4+ Kxf4 58. Kg1 Kf3 59. Kf1 f4 60. Ke1 Ke4 61. f3+ Kxf3 62. Kf1 Ke3 63. Ke1 f3 64. Kf1 f2 65.
Kg2 Ke2 66. Kh3 f1=Q+ 67. Kh4 Qg2 0-1

[Event "Early-Titled-Tuesday-Blitz-December-26-2023"]
[Site "Chess.com"]
[Date "2023.12.26"]
[Round "6"]
[White "Ezov"]
[Black "Manukyan_Artak"]
[Result "0-1"]
[WhiteElo "2153"]
[BlackElo "2601"]
[TimeControl "180+1"]
[EndTime "9:07:46 PST"]
[Termination "Manukyan_Artak won by resignation"]

1. d4 Nf6 2. Nc3 d5 3. Bf4 Bf5 4. Qd2 e6 5. O-O-O Bb4 6. f3 Nbd7 7. a3 Ba5 8. g4 Bg6 9. h4 h5 10. g5 Ng8 11. e4 dxe4 12. fxe4 Bxe4 13. Rh3 Ne7 14. Bd3 Bxd3 15. Qxd3 g6 16. Ne4 O-O 17.
Nf3 Nd5 18. Be5 Nxe5 19. Nxe5 Nf4 20. Qe3 Nxh3 21. Qxh3 Kg7 22. Qf3 Bb6 23. c3 Qe7 24. Rf1 c6 25. Nf6 Bc7 26. Nd3 Rad8 27. Nc5 b6 28. Nce4 c5 29. dxc5 bxc5 30. Nxh5+ gxh5 31.
Nf6 Rh8 32. Nxh5+ Kg6 33. Nf4+ Bxf4+ 34. Qxf4 Rd5 35. Qg4 Kg7 36. Rg1 Qd7 37. Qf4 Rf5 38. Qg4 Qd5 39. h5 Qe5 40. g6 Qf4+ 41. Qxf4 Rxf4 42.
gxf7+ Kxf7 43. h6 Rxh6 44. Rg5 Rhf6 45. Rxc5 Rf1+ 46. Kc2 R1f2+ 47. Kb3 R6f5 48. Rc7+ Kf6 49. Rxa7 Rb5+ 50. Kc4 Rfxb2 51. Rc7 Rb7 52. Rc5 R2b6 53. Kd4 Rd6+ 54. Kc4 Rbd7 55. Rc8 Rd5 56. Rf8+ Ke7 57. Rc8 Kd6 58. a4 Rc7+ 59. Rxc7 Kxc7 60. a5 Kb7 61. Kb4 Ka6 62. c4 Rxa5 63. c5 Ra1 64. c6 Rc1 65. c7 Rxc7 0-1

[Event "Early-Titled-Tuesday-Blitz-December-26-2023"]
[Site "Chess.com"]
[Date "2023.12.26"]
[Round "6"]
[White "AlexanderL"]
[Black "Zavgorodniy_Sergiy"]
[Result "1-0"]
[WhiteElo "2852"]
[BlackElo "2624"]
[TimeControl "180+1"]
[EndTime "9:07:48 PST"]
[Termination "AlexanderL won by resignation"]

1. Nf3 d5 2. e3 Nf6 3. c4 e6 4. Nc3 Be7 5. b3 b6 6. Bb2 Bb7 7. cxd5 exd5 8. d4 Nbd7 9. Bd3 O-O 10. O-O c5 11. Qe2 Rc8 12. Rfd1 Qc7 13. Ba6 Rfd8 14. Bxb7 Qxb7 15. dxc5 bxc5 16. Rac1 a6 17. h3 h6 18. Qd3 Nb6 19. Qf5 Qd7 20. Qxd7 Rxd7 21. Ne2 Bd6 22. Bxf6 gxf6 23. Nh4 Bf8 24. Rc2 c4 25. Ng3 cxb3 26.
Rxc8 Nxc8 27. axb3 Ne7 28. Nh5 Rd6 29. g4 Rb6 30. Rc1 Rxb3 31. Nxf6+ Kg7 32. Nh5+ Kh7 33. Rc7 d4 34. Ng2 d3 35. Rd7 a5 36. Ngf4 a4 37. Rxd3 Rxd3 38. Nxd3 a3 39. Nc1 Nd5 40. Ng3 Nb4 41.
Kg2 Nc2 42. Ne4 Bg7 43. Na2 Bb2 44. Kf3 Na1 45. Ke2 Nb3 46. Kd1 Kg6 47. Kc2 Na1+ 48.
Kd3 f5 49. gxf5+ Kxf5 50. f4 Nb3 51. Ng3+ Ke6 52. Ne2 Nc5+ 53. Kc2 Kf5 54. Ng3+ Ke6 55. Nb4 Kf6 56. e4 Ke6 57. Kb1 Nb3 58. Nd3 Nd2+ 59. Ka2 Nc4 60. f5+ Kf6 61. Nh5+ Kg5 62. Ng7 Ne5 63. Ne6+ Kh4 64. Nxb2 axb2 65. Nf4 Kg3 66.
Ng6 Kxh3 67. Nxe5 Kg3 68. f6 Kf4 69. f7 Kxe5 70. f8=Q 1-0

[Event "Early-Titled-Tuesday-Blitz-December-26-2023"]
[Site "Chess.com"]
[Date "2023.12.26"]
[Round "6"]
[White "Azalea95"]
[Black "WeAintSurePal"]
[Result "0-1"]
[WhiteElo "2331"]
[BlackElo "2525"]
[TimeControl "180+1"]
[EndTime "9:07:48 PST"]
[Termination "WeAintSurePal won on time"]

1. e4 c5 2. Nf3 e6 3. g3 d5 4. exd5 exd5 5. d4 Nc6 6. Bg2 Nf6 7. O-O Be7 8. dxc5 O-O 9. Be3 Ne4 10. Nbd2 Bg4 11. h3 Bf5 12. Nb3 a5 13. c3 a4 14.
Nbd4 Bg6 15. Nxc6 bxc6 16. Ne5 Qc7 17. Nxg6 hxg6 18. Bxe4 dxe4 19. Qg4 Qe5 20. Bd4 Qd5 21. Rfe1 Bxc5 22. Qxe4 Bxd4 23. Qxd4 Qf5 24. Rad1 Qxh3 25.
Qc4 Rab8 26. b3 axb3 27. axb3 Rb5 28. b4 Rh5 29. Qxc6 Qh2+ 30. Kf1 Rf5 31. Qg2 Qh6 32.
Rd3 Qg5 33. Kg1 Qf6 34. Rde3 g5 35. R1e2 g6 36. Qe4 Rd8 37. Qe7 Rd1+ 38. Re1 Rxe1+ 39.
Rxe1 Qxc3 40. Qe8+ Kg7 41. Qe7 g4 42. Re4 Qc1+ 43.
Kg2 Qc2 44. Re2 Qc6+ 45. Qe4 Qf6 46. Qxg4 Qc6+ 47. Qe4 Qb6 48. Qe3 Qc6+ 49. Qe4 Qb6 50. Rd2 Qf6 51. Qd4 Re5 52. f4 Re2+ 53. Kf3 Rxd2 54.
Qxd2 Qc6+ 55. Ke2 Qc4+ 56. Kf3 Qb3+ 57. Kf2 Qc4 58. Kf3 Qb3+ 59. Kf2 Qc4 60. Qe1 Qc2+ 61. Qe2 Qb3 62. Qe4 Qb2+ 63. Kf3 Qc3+ 64. Kg4 f5+ 0-1

[Event "Early-Titled-Tuesday-Blitz-December-26-2023"]
[Site "Chess.com"]
[Date "2023.12.26"]
[Round "6"]
[White "PavelChernomordik"]
[Black "MikeSailer"]
[Result "1/2-1/2"]
[WhiteElo "2418"]
[BlackElo "2190"]
[TimeControl "180+1"]
[EndTime "9:07:57 PST"]
[Termination "Game drawn by repetition"]

1. e4 d5 2. exd5 Qxd5 3. Nc3 Qd6 4. Bc4 c6 5. d4 Nf6 6. Nf3 Bg4 7. Be3 e6 8. h3 Bh5 9. g4 Bg6 10. Qe2 Nbd7 11. O-O-O Qc7 12. d5 cxd5 13. Nxd5 Nxd5 14. Bxd5 Qxc2+ 15. Qxc2 Bxc2 16. Kxc2 exd5 17. Rxd5 Rc8+ 18. Kb1 Be7 19. Bxa7 b6 20. Re1 Rc7 21. Rxd7 Rxd7 22. Bxb6 O-O 23. Re4 Bf6 24. g5 Bd8 25. Bc5 Rd3 26. Bxf8 Kxf8 27. Re3 Rd1+ 28. Kc2 Rh1 29. h4 h6 30. a4 hxg5 31. hxg5 Rf1 32. Re2 Ra1 33. Kb3 Ba5 34. Re5 Bc7 35. Rc5 Bd6 36. Rc6 Bf4 37. g6 fxg6 38. Rxg6 Rf1 39. Rg4 Bc1 40.
Rg2 Rh1 41. Kc2 Bf4 42. Nd4 Rc1+ 43. Kb3 Be5 44. Nc2 Rb1 45. f4 Rxb2+ 46. Kc4 Bf6 47. a5 Ra2 48. Kb5 Bd8 49. a6 Ra5+ 50. Kc6 Rxa6+ 51.
Kd7 Bf6 52. Ne3 Ra4 53. Nd5 Kf7 54. f5 Rd4 55. Kc6 Rd1 56. Rf2 Rc1+ 57. Kd6 Rd1 58. Rf3 Rd2 59. Kc6 Rc2+ 60. Kd7 Rd2 61. Kd6 Rd1 62.
Rb3 Rd2 63. Rb7+ Kg8 64. Ke6 Re2+ 65. Kd7 Rd2 66. Ke6 Re2+ 67. Kd6 Rd2 68. Ke6 1/2-1/2

[Event "Early-Titled-Tuesday-Blitz-December-26-2023"]
[Site "Chess.com"]
[Date "2023.12.26"]
[Round "6"]
[White "ljuks68"]
[Black "Pumpkin_in_moonlight"]
[Result "1-0"]
[WhiteElo "2515"]
[BlackElo "2315"]
[TimeControl "180+1"]
[EndTime "9:07:59 PST"]
[Termination "ljuks68 won by resignation"]

1. e4 c5 2. Nf3 Nc6 3. d4 cxd4 4. Nxd4 e5 5. Nb5 a6 6. Nd6+ Bxd6 7. Qxd6 Qf6 8. Qd2 Nge7 9. Nc3 O-O 10. Bc4 Qg6 11. O-O d5 12. Nxd5 Qxe4 13. Nxe7+ Nxe7 14. Bd3 Qc6 15. Qe2 Ng6 16. Be4 Qb6 17. b3 Re8 18. Be3 Qc7 19. c4 Be6 20. Qf3 Nh4 21. Bxh7+ Kxh7 22. Qh5+ Kg8 23. Qxh4 Rad8 24. Qg3 Rd3 25. Rad1 Red8 26. Rxd3 Rxd3 27. h3 f5 28. Qg6 Qf7 29.
Qxf7+ Kxf7 30. g3 e4 31. Rc1 Bd7 32. h4 g6 33. Kf1 Ke6 34. Ke2 Bc6 35. Rc2 Rd7 36.
Bb6 Kf7 37. Rc3 Ke6 38. Ke3 Kf7 39. Bd4 Ke6 40. b4 Kf7 41. Rc2 Ke6 42. Rb2 Kf7 43. b5 axb5 44. cxb5 Bd5 45. a4 Bc4 46. Rb4 Bd3 47.
Rb3 Rd8 48. Ra3 Ra8 49. Bc5 Bc4 50. Kd4 Bd3 51. Ke5 Re8+ 52. Kf4 Rc8 53. Rc3 b6 54. Bd4 Rxc3 55. Bxc3 Bc2 56. a5 bxa5 57. Bxa5 Ba4 58. b6 Bc6 59. Bb4 Bb7 60. h5 gxh5 61. Kxf5 Kg7 62. Kg5 Kf7 63. Kxh5 Ke6 64. Bd2 Kf5 65.
Be3 Ke5 66. Kg5 Ke6 67. g4 Kf7 68. Kf5 Bc8+ 69. Kf4 Bb7 70. g5 Kg6 71. Ke5 Bc6 72.
Kd6 Ba8 73. Kc7 Bd5 74. b7 1-0

[Event "Early-Titled-Tuesday-Blitz-December-26-2023"]
[Site "Chess.com"]
[Date "2023.12.26"]
[Round "6"]
[White "mbojan"]
[Black "DarkAlekhine"]
[Result "0-1"]
[WhiteElo "2906"]
[BlackElo "2740"]
[TimeControl "180+1"]
[EndTime "9:08:02 PST"]
[Termination "DarkAlekhine won by checkmate"]

1. a3 d5 2. h3 e5 3. e3 Nc6 4.
d4 Nf6 5. Nf3 e4 6. Nfd2 Ne7 7. c4 c6 8. Nc3 Ng6 9. b4 Be7 10. Bb2 O-O 11. Rc1 a6 12. g3 Be6 13.
Qb3 h5 14. cxd5 cxd5 15. Na4 b6 16. b5 a5 17. Bg2 Bd7 18. Nb1 Rb8 19. Nbc3 Be6 20.
Kd2 Qd7 21. Bf1 Rfc8 22. Na2 Rxc1 23. Kxc1 Ne8 24. Be2 Nd6 25. N2c3 h4 26. g4 Nc4 27. Bxc4 dxc4 28. Qc2 Bb4 29. Qxe4 Re8 30. Qc6 Qe7 31. axb4 axb4 32. Qxb6 bxc3 33. Nxc3 Ra8 34. Qc5 Qb7 35.
Rg1 Ne7 36. e4 Ng6 37. d5 Bd7 38. Qd4 Nf4 39. Kd2 Nd3 40. Rb1 Qb8 41. Qe3 Qh2 42. Ne2 Ra2 43. Kc2 Nxb2 44. Rxb2 Rxb2+ 45. Kxb2 Bxb5 46. Kc3 Bd7 47. Nd4 Qh1 48. Kxc4 Qb1 49. Kc3 Ba4 50.
Nc6 Qa1+ 51. Kc4 Bd1 52. Kc5 Qa8 53. Kd6 Qf8+ 54. Ne7+ Kh7 55. Qg5 Qd8+ 56. Kc5 Qc7+ 57.
Kd4 g6 58. Qf6 Qa7+ 59. Ke5 Qa1+ 60. Kd6 Qxf6+ 61. Kd7 Ba4+ 62. Nc6 Bxc6+ 63. dxc6 Qd4+ 64. Kc8 Qxe4 65. c7 Qc6 66. Kb8 Qb6+ 67. Kc8 Kg7 68.
f4 Kf6 69. f5 Ke7 70. fxg6 Kd6 71. g5 Qxc7# 0-1

[Event "Early-Titled-Tuesday-Blitz-December-26-2023"]
[Site "Chess.com"]
[Date "2023.12.26"]
[Round "6"]
[White "Ramla2020"]
[Black "Mikhail_Golubev"]
[Result "0-1"]
[WhiteElo "2460"]
[BlackElo "2620"]
[TimeControl "180+1"]
[EndTime "9:08:02 PST"]
[Termination "Mikhail_Golubev won by checkmate"]

1. c4 g6 2. g3 Bg7 3. Bg2 e5 4. Nc3 Nc6 5. e3 d6 6. Nge2 Nf6 7. d4 O-O 8. O-O exd4 9. exd4 Re8 10. h3 Bf5 11. g4 Bd7 12. Be3 h5 13. g5 Nh7 14.
Qd2 Qc8 15. Kh2 Ne7 16. Nf4 Nf5 17. Rae1 Nxg5 18. Nfd5 Nxe3 19. fxe3 Bxh3 20. e4 Bxg2 21. Qxg2 c6 22. Qxg5 cxd5 23. Nxd5 Qxc4 24. Nf6+ Bxf6 25. Qxf6 Rf8 26. Rf2 Qe6 27. Qg5 Kg7 28. Ref1 f6 29. Qg3 Rf7 30. e5 dxe5 31. dxe5 f5 32. Qf4 Kh7 33.
Rd2 Re8 34. Re1 Rd7 35. Rxd7+ Qxd7 36. Re2 Re6 37. b3 Qe7 38. Qd4 Qg5 39. Rg2 Qe7 40.
Re2 a6 41. a4 Kg7 42. Kh1 Kh7 43.
Qf4 Kg7 44. Qd4 Qf7 45. Qf4 Qe8 46. Qd4 Qe7 47. Qf4 Kh7 48. Qd4 Rc6 49. Qd5 Qe6 50. Qd4 Rc7 51. Kg2 Rd7 52. Qf4 Qc6+ 53. Kh2 Qe6 54. Rg2 Rd5 55. Re2 Rd3 56. Qc4 Qxc4 57. bxc4 Rd8 58. e6 Re8 59. e7 Kg7 60. Kg3 Kf7 61.
Kf4 Rxe7 62. Rd2 Re4+ 63. Kf3 Rxc4 64. Rd7+ Kf6 65. Rxb7 Rxa4 66. Rb6+ Kg5 67. Rb1 h4 68. Ke2 Kf6 69. Rg1 Re4+ 70. Kf3 Re6 71. Rb1 g5 72. Rh1 g4+ 73. Kf4 Re4# 0-1

[Event "Early-Titled-Tuesday-Blitz-December-26-2023"]
[Site "Chess.com"]
[Date "2023.12.26"]
[Round "6"]
[White "LikeWater"]
[Black "artin10862"]
[Result "1-0"]
[WhiteElo "2759"]
[BlackElo "2917"]
[TimeControl "180+1"]
[EndTime "9:08:06 PST"]
[Termination "LikeWater won by resignation"]

1. e4 c5 2. c3 d5 3. exd5 Qxd5 4. d4 Nf6 5. Nf3 Bg4 6. Be2 cxd4 7. cxd4 e6 8. Nc3 Bb4 9. O-O Bxc3 10. bxc3 Nc6 11.
Ba3 O-O-O 12. Rb1 Qxa2 13. Bc5 Ne4 14. Ra1 Qb2 15. Rb1 Qa2 16. Ra1 Qb2 17. Rb1 Qxc3 18.
Qa4 Qa5 19. Qxa5 Nxa5 20. Bxa7 Nc6 21. Rfc1 Rd5 22. Bc4 Rd6 23. Ne5 Nxa7 24. Bxe6+ Kb8 25. Bxg4 Rxd4 26. Nd7+ Ka8 27. Nb6+ Kb8 28. Nd7+ Ka8 29. Ra1 b5 30. Rc7 Ra4 31. Rac1 g6 32. Bf3 f5 33. Nb6+ Kb8 34. Nxa4 bxa4 35. Rg7 a3 36. Rb1+ Ka8 37.
Ra1 Nb5 38. Be2 Nec3 39. Bxb5 Nxb5 40. h4 Rc8 41. Rxh7 Rc6 42. h5 gxh5 43. Rxh5 Rf6 44. Rh3 Ra6 45. Rb3 Ra5 46. Rab1 Nd4 47. Rb8+ Ka7 48.
R1b7+ Ka6 49. Ra8+ Kxb7 50. Rxa5 Nc2 51. Kf1 Kb6 52. Ra8 Kb7 53. Ra4 Kb6 54. Ke2 Kb5 55. Ra8 Kb6 56. Kd2 Nb4 57. Rxa3 Nc6 58. Rb3+ Kc5 59. Rb1 Kd6 60. Ke3 Ke7 61. Kf4 Nd4 62.
Rb4 Nc6 63. Rb6 Nd4 64. Rb4 Nc6 65. Rc4 Kd6 66. Kxf5 Ne7+ 67. Ke4 Nd5 1-0

[Event "Early-Titled-Tuesday-Blitz-December-26-2023"]
[Site "Chess.com"]
[Date "2023.12.26"]
[Round "6"]
[White "Witty_Alien"]
[Black "Alex_Banzea"]
[Result "0-1"]
[WhiteElo "2463"]
[BlackElo "2653"]
[TimeControl "180+1"]
[EndTime "9:08:08 PST"]
[Termination "Alex_Banzea won on time"]

1. e4 c6 2. d4 d5 3. Nd2 dxe4 4. Nxe4 Nf6 5. Ng5 h6 6. Nxf7 Kxf7 7. Nf3 c5 8. Ne5+ Kg8 9. Bc4+ e6 10. O-O Nc6 11. Ng6 Qxd4 12. Qe2 Qe4 13. Qxe4 Nxe4 14. Re1 Nf6 15.
Bf4 Ne7 16. Nxh8 Kxh8 17. Bxe6 Bxe6 18. Rxe6 Ned5 19. Be5 Kg8 20. c4 Nb4 21. Bxf6 Kf7 22. Rae1 gxf6 23. a3 Nc6 24. R6e3 Ne5 25. b3 Rd8 26. f4 Nc6 27. h3 Rd2 28. R3e2 Rd3 29. Re3 Rxe3 30. Rxe3 f5 31. g3 Bg7 32. Kf1 Bd4 33. Rd3 Ne7 34. b4 b6 35. bxc5 Bxc5 36. a4 a5 37. Rd7 Ke6 38. Rd8 Kf6 39.
Rh8 Kg7 40. Re8 Nc6 41. Rc8 Nd4 42. Kg2 Ne2 43. Rc7+ Kg6 44. Rc6+ Kg7 45. Rc7+ Kf6 46. Rc6+ Kf7 47. Rc7+ Ke6 48. Rc6+ Ke7 49. Rxh6 Nc3 50. Rh7+ Kf6 51. g4 fxg4 52. hxg4 Nxa4 53. Rh6+ Kg7 54. Rc6 Nb2 55. f5 Nxc4 56. g5 Nd6 57. Rc7+ Kf8 58. f6 Ne4 59. g6 Nxf6 60. Rf7+ Kg8 61. Rxf6 Kg7 62. Rc6 a4 63. Kf3 a3 64. Rc7+ Kxg6 65.
Ra7 b5 66. Ra6+ Kf5 67. Ke2 Ke4 68. Kd2 Kd4 69. Kc2 Kc4 70. Rg6 b4 71. Rg4+ Bd4 72.
Kb1 b3 73. Rg3 a2+ 74. Kc1 a1=Q+ 0-1